 Seeded DCSS version 0.27-a0-972-gd1521fd518 (webtiles) character file.

Game seed: 12246631163096203030 (custom seed)

150598 flotson the Fighter (level 16, 73/129 HPs)
             Began as a Demonspawn Delver on Oct 11, 2020.
             Was the Champion of Fedhas.
             Quit the game on level 3 of the Swamp on Apr 13, 2021.
             The game lasted 01:12:28 (34498 turns).

flotson the Fighter (Demonspawn Delver)            Turns: 34498, Time: 01:12:29

Health: 73/129     AC: 25    Str: 33    XL:     16   Next: 99%
Magic:  25/25      EV: 14    Int: 10    God:    Fedhas [******]
Gold:   1781       SH: 22    Dex: 19    Spells: 15/15 levels left

rFire    . . .     SeeInvis .   a - +8 spear "Ipromi" {vorpal, rElec rPois Str-3}
rCold    . . .     Faith    +   y - +0 kite shield {reflect}
rNeg     . . .     Spirit   +   r - +5 plate armour of Boiling Hail {Stlth+}
rPois    +         Reflect  +   p - +0 hat of Bouclosk {Will- Str+9}
rElec    +         Harm     .   L - scarf {shadows}
rCorr    .         Rampage  .   B - +0 pair of gloves
Will     .....                  v - +2 pair of boots
Stlth    ..........             q - amulet of faith
HPRegen  0.31/turn              C - +6 ring of strength
MPRegen  0.19/turn              K - +6 ring of strength

@: no status effects
A: claws 1, large bone plates 3, powered by pain 1, magic shield, dopey 1
a: Renounce Religion, Wall of Briars, Grow Ballistomycete, Overgrow, Grow Oklob


You were on level 3 of the Swamp.
You worshipped Fedhas.
Fedhas was exalted by your worship.
You visited 5 branches of the dungeon, and saw 28 of its levels.
You visited the Abyss 1 time.
You also visited: Bailey and Ice Cave.

You collected 3744 gold pieces.
You spent 1963 gold pieces at shops.

Inventory:

Hand Weapons
 a - the +8 spear "Ipromi" (weapon) {vorpal, rElec rPois Str-3}
   (You found it on level 5 of the Dungeon)

   It inflicts extra damage upon your enemies.
   It affects your strength (-3).
   It insulates you from electricity.
   It protects you from poison.
 b - a +2 hand crossbow
 c - a +9 broad axe
Missiles
 l - 2 curare-tipped darts (quivered)
 E - 155 bolts
 M - 2 datura-tipped darts
 T - 11 javelins
 W - 4 boomerangs of dispersal
Armour
 p - the +0 hat of Bouclosk (worn) {Will- Str+9}
   (You found it on level 8 of the Dungeon)

   It affects your strength (+9).
   It decreases your willpower.
 r - the +5 plate armour of Boiling Hail (worn) {Stlth+}
   (You found it on level 4 of the Dungeon)

   It makes you more stealthy.
 v - a +2 pair of boots (worn)
 y - a +0 kite shield of reflection (worn)
 B - a +0 pair of gloves (worn)
 L - a scarf of shadows (worn)
Jewellery
 q - an amulet of faith (around neck)
 C - a +6 ring of strength (left hand)
 K - a +6 ring of strength (right hand)
Wands
 g - a wand of digging (14)
 k - a wand of acid (21)
 u - a wand of iceblast (55)
 H - a wand of polymorph (13)
 P - a wand of flame (19)
 V - a wand of mindburst (10)
Scrolls
 d - 6 scrolls of magic mapping
 e - 8 scrolls of fear
 j - 7 scrolls of enchant armour
 m - 9 scrolls of teleportation
 t - 11 scrolls of removedness
 w - 6 scrolls of fog
 D - a scroll of blinking
 G - 4 scrolls of immolation
 N - a scroll of vulnerability
 Q - 3 scrolls of identify
 S - a scroll of summoning
 X - 2 scrolls of holy word
 Z - a scroll of torment
Potions
 f - 6 potions of haste
 h - 5 potions of flight
 i - 16 potions of curing
 n - 4 potions of heal wounds
 o - 4 potions of might
 s - a potion of resistance
 x - 6 potions of berserk rage
 A - 4 potions of mutation
 F - a potion of invisibility
 I - 5 potions of lignification
 O - 4 potions of ambrosia
 U - a potion of cancellation
Miscellaneous
 z - a phial of floods
 R - a phantom mirror
 Y - a condenser vane


   Skills:
 + Level 12.8 Fighting
 * Level 9.7(11.3) Axes
 - Level 9.8(11.4) Polearms
 - Level 6.0 Crossbows
 - Level 1.0 Throwing
 + Level 11.6 Armour
 + Level 11.6 Dodging
 - Level 4.5 Stealth
 + Level 11.2 Shields
 - Level 12.0 Invocations
 - Level 6.0 Evocations


You had 15 spell levels left.
You didn't know any spells.
Your spell library contained the following spells:

 Spells                   Type           Power      Damage    Failure   Level
 Animate Skeleton         Necr           0%         N/A       98%         1
 Apportation              Tloc           0%         N/A       98%         1
 Corona                   Hex            0%         N/A       98%         1
 Foxfire                  Conj/Fire      0%         2x1d4     98%         1
 Magic Dart               Conj           0%         1d3       98%         1
 Pain                     Necr           0%         1d4       98%         1
 Sandblast                Erth           0%         2d4       98%         1
 Summon Small Mammal      Summ           0%         N/A       98%         1
 Blink                    Tloc           N/A        N/A       99%         2
 Ensorcelled Hibernation  Hex/Ice        0%         N/A       99%         2
 Passwall                 Tmut/Erth      0%         N/A       99%         2
 Searing Ray              Conj           0%         3d3       99%         2
 Confusing Touch          Hex            0%         N/A       100%        3
 Conjure Flame            Conj/Fire      0%         6-21      100%        3
 Dazzling Flash           Conj/Hex       0%         N/A       100%        3
 Gell's Gravitas          Tloc           0%         N/A       100%        3
 Inner Flame              Hex/Fire       0%         N/A       100%        3
 Lesser Beckoning         Tloc           0%         N/A       100%        3
 Stone Arrow              Conj/Erth      0%         3d7       100%        3
 Teleport Other           Tloc           0%         N/A       100%        3
 Tukima's Dance           Hex            0%         N/A       100%        3
 Vampiric Draining        Necr           0%         2d6       100%        3
 Animate Dead             Necr           0%         N/A       100%        4
 Cause Fear               Hex            0%         N/A       100%        4
 Fulminant Prism          Conj/Hex       0%         3d6       100%        4
 Iskenderun's Mystic Bla  Conj/Tloc      0%         2d3       100%        4
 Passage of Golubria      Tloc           N/A        N/A       100%        4
 Petrify                  Tmut/Erth      0%         N/A       100%        4
 Sticky Flame             Conj/Fire      0%         2d3       100%        4
 Agony                    Necr           0%         N/A       100%        5
 Fireball                 Conj/Fire      0%         3d3       100%        5
 Lee's Rapid Deconstruct  Erth           0%         3d5*      100%        5
 Metabolic Englaciation   Hex/Ice        0%         N/A       100%        5
 Silence                  Hex/Air        0%         N/A       100%        5
 Yara's Violent Unravell  Hex/Tmut       0%         3d3       100%        5
 Discord                  Hex            0%         N/A       100%        8


Dungeon Overview and Level Annotations

Branches:
Dungeon (15/15)            Temple (1/1) D:4            Lair (6/6) D:10
  Swamp (4/4) Lair:3        Snake (0/4) Lair:4        Slime (0/5) Lair:5
    Orc (2/2) D:9             Elf (0/3) Orc:2        Vaults (0/5) D:14
 Depths (0/5) D:15         Bailey (visited)           IceCv (visited)

Altars:
Ashenzari
Cheibriados
Dithmenos
Fedhas
Gozag
Makhleb
Nemelex Xobeh
Okawaru
Qazlal
Ru
Sif Muna
Trog
Uskayaw
Vehumet
Wu Jian
Xom
Yredelemnul
Zin
The Shining One
Jiyva

Shops:
D:6 =   D:8 (   Orc:2 ![*x

Portals:
Trove: D:12 (give 2 scrolls of acquirement)


Innate Abilities, Weirdness & Mutations

You have sharp fingernails.
You are completely covered in large bone plates. (SH +8)
You sometimes gain a little power by taking damage.
When hurt, damage is shared between your health and your magic reserves.
You are dopey. (Int -2)


Message History

You block the swamp worm's attack.
As you read the scroll of teleportation, it crumbles to dust.
You feel strangely unstable.
You block the large slime creature's attack.
A titanic slime creature splits.
You block the swamp worm's attack.
The large slime creature closely misses you.
You walk carefully through the plants.
The swamp worm is struck by your briar patch's thorns.
The swamp worm bites your briar patch!!
Two slime creatures merge to form an enormous slime creature.
The swamp worm bites your briar patch!
Your briar patch is destroyed!
A large slime creature splits.
The enormous slime creature hits your briar patch!!!
Your briar patch is destroyed!
Your surroundings suddenly seem different.
Splash!
You fall into the shallow water.
Moving in this stuff is going to be slow.
(D) Dungeon (T) Temple (L) Lair (S) Swamp (P) Snake Pit (M) Slime Pits (O) Orcish Mines (E) Elven Halls (V) Vaults (U) Depths
Where to? (Enter - Swamp:4, ? - help)
You see here a swamp drake corpse.
You enter the shallow water.
Moving in this stuff is going to be slow.
Found 17 arrows.
You enter the shallow water.
Moving in this stuff is going to be slow.
There is a stone staircase leading up, spattered with blood here.
You climb upwards.
There is a stone staircase leading down here.
You start resting.
Magic restored.
Options error: Full pregeneration is not allowed on this build of crawl. (~/.crawlrc:90) Welcome back, flotson the Demonspawn Delver.
Game seed: 12246631163096203030 (custom seed) Fedhas says: Spread life and death.
Press ? for a list of commands and other information.
Are you sure you want to abandon this character and quit the game? (Confirm with "yes".)

♣♣♣....♣ ♣≈≈≈.≈♣♣♣♣♣♣♣
♣.≈≈≈≈≈♣♣♣ ♣♣..♣≈♣♣
♣♣♣..♣♣♣...♣ ♣.≈≈≈≈≈≈≈♣
....♣♣♣♣♣♣♣♣♣≈♣♣♣≈≈♣♣
♣...≈≈≈≈.♣ .≈≈≈.♣♣♣.♣♣≈..♣♣..≈♣
♣♣..≈≈≈≈≈♣ .≈≈≈.♣♣.<≈♣..≈≈≈♣♣♣♣
♣...≈≈≈.♣ ≈.≈≈≈♣P..♣♣♣♣♣.♣♣♣♣♣♣
♣♣♣♣♣....♣ ≈≈...♣.≈≈♣♣
♣♣≈≈≈≈≈≈♣♣♣♣..♣♣..♣♣♣
♣.†..♣≈≈.≈♣ ♣.≈≈≈≈≈≈≈≈≈≈..♣.≈.♣
♣♣.♣♣≈...♣♣ ♣.≈≈@.≈≈≈≈≈≈≈...§.♣
..♣♣♣♣...♣♣♣♣..f≈≈.≈.≈≈≈..≈..≈♣
≈≈≈≈≈.≈≈≈...♣..§♣♣♣♣♣.≈..♣♣♣≈♣♣
.≈.♣≈≈≈≈≈≈≈>.♣♣♣♣ ♣♣♣≈♣♣♣♣♣♣♣
..♣≈≈≈≈≈≈≈§.≈≈♣♣♣♣♣♣.≈≈≈.§♣♣
≈≈≈≈≈≈≈♣≈≈≈.≈.≈≈.≈≈§≈≈..♣♣≈♣♣
♣≈≈≈≈≈≈≈....≈≈≈..≈≈≈.≈≈≈♣♣♣≈♣
≈≈≈≈≈≈≈≈..≈♣.....≈≈≈≈≈≈.♣≈.♣♣
..♣≈≈≈≈♣.♣♣♣♣.≈♣..≈§≈≈.≈♣♣♣♣


You could see a neutral thorn hunter (wandering).

Vanquished Creatures
  Mara (Swamp:3)
  2 tentacled starspawn (Abyss:2)
  Donald (Orc:1)
  A ghost moth (Swamp:2)
  A reaper (IceCv)
  A stone giant (Orc:1)
  An ophan (Abyss:2)
  Snorg (D:13)
  The ghost of Jeban the Spear-Bearer, a journeyman OpFi of Gozag (Lair:5)
  8 hydras
  A boulder beetle (D:15)
  A ghost crab (Swamp:2)
  A death knight (D:13)
  14 alligators
  A centaur warrior (D:12)
  17 two-headed ogres
  A catoblepas (Lair:6)
  5 ogre magi
  6 death yaks
  Urug (D:12)
  3 tengu warriors (D:14)
  An orc high priest (Orc:1)
  2 deep elf knights
  Nergalle (Lair:3)
  2 wretched stars (Abyss:2)
  2 skeletal warriors
  4 swamp dragons
  An unseen horror (D:10)
  2 wizards (D:15)
  A phantasmal warrior (D:13)
  2 wolf spider zombies
  2 orc knights
  A necromancer (D:15)
  7 cyclopes
  3 orc sorcerers
  5 manticores
  7 ugly things (D:14)
  2 wolf spiders (Lair:6)
  3 deep elf pyromancers
  Maurice (D:10)
  4 centaur zombies (D:15)
  3 black mambas
  A naga mage (D:15)
  2 torpor snails (Lair:6)
  2 ice statues (IceCv)
  24 elephants
  22 cane toads
  2 gargoyles
  6 komodo dragons
  5 rime drakes
  12 ice devils
  A guardian mummy (D:12)
  2 tengu conjurers
  A komodo dragon (shapeshifter) (D:15)
  2 meliai (D:12)
  2 polar bears
  A harpy zombie (D:14)
  An ancient zyme (Abyss:2)
  6 tyrant leeches
  12 trolls
  5 hornets
  19 blink frogs
  11 dream sheep
  15 slime creatures
  5 bog bodies
  A raiju (Abyss:2)
  3 large abominations (Abyss:2)
  An ettin skeleton (Abyss:2)
  A centaur simulacrum (D:15)
  3 spriggans (Swamp:2)
  3 shadows
  4 wyverns
  4 wraiths
  A vampire (D:12)
  40 yaks
  A golden eye (Abyss:2)
  6 basilisks
  9 vampire mosquitoes
  2 wargs (Orc:1)
  Menkaure (D:7)
  3 acid dragons
  8 swamp worms
  A hell hound (Abyss:2)
  An insubstantial wisp (Swamp:3)
  23 water moccasins
  27 orc warriors
  5 swamp drakes
  A sky beast (D:5)
  3 black bears
  A necrophage (D:10)
  3 ice beasts
  3 removed eyes of draining
  33 ogres
  4 phantoms
  25 wolves
  5 centaurs
  18 bullfrogs
  6 kobold brigands
  5 small abominations (Abyss:2)
  A gnoll sergeant (D:7)
  A wyvern skeleton (D:13)
  A water moccasin skeleton (D:8)
  2 scorpions
  19 killer bees
  4 wights
  7 electric eels
  2 howler monkeys
  3 bullfrog zombies
  8 hounds
  13 centaur skeletons
  6 jellies
  11 orc priests
  A bullfrog skeleton (D:10)
  2 iguanas
  10 orc wizards
  6 removed worker ants
  A hound zombie (D:11)
  A hound skeleton (D:8)
  A howler monkey zombie (D:9)
  17 gnolls
  14 adders
  3 shadow imps
  8 white imps
  An endoplasm (D:1)
  12 ufetubi
  An adder skeleton (D:4)
  A worm (D:2)
  4 dart slugs
  64 orcs
  4 removed leopard geckos
  2 ball pythons (D:1)
  10 bats
  30 goblins
  21 hobgoblins
  4 jackals
  34 kobolds
  5 quokkas
  4 frilled lizards
  6 rats
  A starspawn tentacle (Abyss:2)
885 creatures vanquished.

Vanquished Creatures (collateral kills)
  Louise (Swamp:2)
  An unseen horror (Abyss:2)
  A wolf spider (Lair:6)
  3 ugly things (D:14)
  A tyrant leech (Swamp:1)
  A hornet (Swamp:1)
  A dream sheep (Lair:6)
  A spriggan (Swamp:1)
  An ogre (Orc:1)
  25 ballistomycete spores
36 creatures vanquished.

Vanquished Creatures (others)
  A ghost crab (Swamp:4)
  2 hydras
  5 shambling mangroves
  2 spriggans
  A swamp dragon (Swamp:3)
  A spriggan druid (Swamp:2)
  A cane toad (Swamp:3)
  3 tyrant leeches
  7 hornets
  2 slime creatures (Swamp:4)
  4 dream sheep (Lair:6)
  A small abomination (Abyss:2)
  2 vampire mosquitoes (Swamp:3)
  2 insubstantial wisps (Swamp:3)
  4 swamp worms (Swamp:3)
  2 swamp drakes (Swamp:4)
  An orc wizard (D:7)
  A white imp (IceCv)
  2 ufetubi (IceCv)
  A kobold (D:13)
  A ballistomycete spore (Swamp:4)
  3 bushes
  53 fungi
  82 plants
  14 starspawn tentacles (Abyss:2)
198 creatures vanquished.

Grand Total: 1119 creatures vanquished

Notes
Turn   | Place    | Note
-------+----------+-------------------------------------------
     0 | D:5      | flotson the Demonspawn Delver began the quest for the Orb.
     0 | D:5      | Reached XP level 1. HP: 18/18 MP: 1/1
     5 | D:5      | Got a translucent spear
     6 | D:5      | Identified the +8 spear "Ipromi" {vorpal, rElec rPois
                  | Str-3} (You found it on level 5 of the Dungeon)
    43 | D:5      | Noticed a hound
    84 | D:5      | Killed a hound
    84 | D:5      | Gained mutation: You are partially covered in large bone
                  | plates. (SH +4) [demonic ancestry]
    84 | D:5      | Reached XP level 2. HP: 19/24 MP: 2/2
    84 | D:5      | Reached XP level 3. HP: 24/29 MP: 3/3
   137 | D:5      | Reached skill level 1 in Throwing
   137 | D:5      | Reached skill level 1 in Armour
   277 | D:5      | Reached XP level 4. HP: 31/35 MP: 4/4
   371 | D:5      | Found Zimuahe's Distillery.
   400 | D:4      | Reached XP level 5. HP: 40/42 MP: 5/5
   527 | D:4      | Got an ichor-stained ring mail
   538 | D:4      | Identified the cursed +1 ring mail "Ynlyboraf" {Int+3} (You
                  | found it on level 4 of the Dungeon)
   575 | D:4      | Found a staircase to the Ecumenical Temple.
   588 | Temple   | Entered the Ecumenical Temple
   597 | Temple   | Became a worshipper of Fedhas Madash
   725 | D:4      | Got a translucent plate armour
  1121 | D:3      | Reached XP level 6. HP: 45/48 MP: 6/6
  1898 | D:2      | Reached * piety under Fedhas
  1921 | D:2      | Found a faded altar of an unknown god.
  2729 | D:1      | Reached skill level 1 in Invocations
  2814 | D:1      | Reached ** piety under Fedhas
  3082 | D:5      | Found an opulent altar of Gozag.
  3320 | D:5      | Found a bloodstained altar of Trog.
  3379 | D:5      | Noticed a sky beast
  3393 | D:5      | Killed a sky beast
  3393 | D:5      | Reached skill level 1 in Shields
  3611 | D:5      | Gained mutation: You are mostly covered in large bone
                  | plates. (SH +6) [demonic ancestry]
  3611 | D:5      | Reached XP level 7. HP: 50/55 MP: 8/8
  3822 | D:5      | Reached *** piety under Fedhas
  4323 | D:5      | Identified the +5 plate armour of Boiling Hail {Stlth+}
                  | (You found it on level 4 of the Dungeon)
  4409 | D:6      | Got a shimmering scale mail
  4897 | D:6      | Reached **** piety under Fedhas
  4905 | D:6      | Reached skill level 5 in Fighting
  4934 | D:6      | Found Viragog's Jewellery Boutique.
  5002 | D:6      | Gained mutation: You sometimes gain a little power by
                  | taking damage. [demonic ancestry]
  5002 | D:6      | Reached XP level 8. HP: 62/62 MP: 10/10
  5560 | D:7      | Found an opulent altar of Gozag.
  5574 | D:7      | Noticed Menkaure
  5834 | D:7      | Killed Menkaure
  6114 | D:7      | Reached skill level 5 in Invocations
  6503 | D:8      | Found Gal Xetz's Antique Weapon Emporium.
  6595 | D:8      | Got a distressingly furry hat
  6606 | D:8      | Identified the +0 hat of Bouclosk {MR- Str+9} (You found it
                  | on level 8 of the Dungeon)
  6625 | D:8      | Gained mutation: When hurt, damage is shared between your
                  | health and your magic reserves. [demonic ancestry]
  6625 | D:8      | Reached XP level 9. HP: 69/69 MP: 13/13
  6730 | D:8      | Reached skill level 1 in Evocations
  6734 | D:8      | Reached ***** piety under Fedhas
  6863 | D:8      | Reached skill level 5 in Polearms
  7237 | D:9      | Reached skill level 5 in Dodging
  7566 | D:9      | Found a staircase to the Orcish Mines.
  7678 | D:9      | Reached skill level 5 in Armour
  7684 | D:9      | Identified the +2 leather armour of Bextal {*Contam Str+7
                  | Slay+5}
  7692 | D:9      | Reached XP level 10. HP: 72/77 MP: 10/15
  8807 | D:10     | Entered Level 10 of the Dungeon
  8993 | D:10     | Noticed a two-headed ogre
  9003 | D:10     | Killed a two-headed ogre
  9003 | D:10     | Reached skill level 5 in Shields
  9197 | D:10     | Noticed a gargoyle
  9197 | D:10     | Noticed a two-headed ogre
  9218 | D:10     | Killed a gargoyle
  9512 | D:10     | Killed an unseen horror
  9700 | D:10     | Identified the amulet of Ureu {*Drain Regen+ Str+2 Dex+3
                  | Stlth+}
  9959 | D:10     | Killed a two-headed ogre
  9959 | D:10     | Reached XP level 11. HP: 75/84 MP: 15/17
 10074 | D:10     | Noticed Maurice
 10081 | D:10     | Found a staircase to the Lair.
 10096 | D:10     | Killed Maurice
 10163 | Lair:1   | Entered Level 1 of the Lair of Beasts
 10389 | Lair:1   | Noticed a four-headed hydra
 10397 | Lair:1   | Killed a four-headed hydra
 10532 | Lair:1   | Reached skill level 5 in Evocations
 11138 | Lair:2   | Reached ****** piety under Fedhas
 11839 | Lair:2   | Reached XP level 12. HP: 60/94 MP: 13/19
 12508 | Lair:3   | Found a staircase to the Swamp.
 12885 | Lair:3   | Found a broken altar of Ashenzari.
 12976 | Lair:3   | Reached skill level 10 in Invocations
 13273 | Lair:3   | Noticed Nergalle
 13295 | Lair:3   | Killed Nergalle
 13426 | Lair:4   | Noticed a five-headed hydra
 13437 | Lair:4   | Killed a five-headed hydra
 14069 | Lair:4   | Found a staircase to the Snake Pit.
 14487 | Lair:4   | Gained mutation: You are completely covered in large bone
                  | plates. (SH +8) [demonic ancestry]
 14487 | Lair:4   | Reached XP level 13. HP: 47/101 MP: 21/21
 14721 | Lair:5   | Noticed Jeban's ghost (journeyman OpFi)
 15123 | Lair:5   | Found a runed translucent door.
 15167 | Lair:5   | Found a runed translucent door.
 15167 | Lair:5   | Found a viscous altar of Jiyva.
 15170 | Lair:5   | Found a staircase to the Slime Pits.
 16001 | Lair:6   | Entered Level 6 of the Lair of Beasts
 16025 | Lair:5   | Reached skill level 10 in Fighting
 17411 | Lair:6   | Gained mutation: You have sharp fingernails. [demonic
                  | ancestry]
 17411 | Lair:6   | Reached XP level 14. HP: 81/111 MP: 19/23
 17749 | Lair:6   | Got a heavily runed granite ring
 17755 | Lair:6   | Identified the ring of Bulagh {Fire rN+ MP+9 Dex-4} (You
                  | found it on level 6 of the Lair of Beasts)
 18074 | Lair:6   | Found a shimmering altar of Xom.
 18574 | Lair:5   | Killed Jeban's ghost
 18939 | Orc:1    | Entered Level 1 of the Orcish Mines
 18944 | Orc:1    | Found a flagged portal.
 18958 | Bailey   | Entered a bailey
 19064 | Bailey   | Identified the +5 ring mail of Guev {rF+++ Int-3 Dex+9
                  | Stlth-}
 19121 | Bailey   | Found a bloodstained altar of Trog.
 19323 | Orc:2    | Entered Level 2 of the Orcish Mines
 19323 | Orc:2    | Noticed a stone giant
 19326 | Orc:2    | Paralysed by an orc sorcerer for 4 turns
 19665 | Orc:1    | Killed a stone giant
 19763 | Orc:2    | Paralysed by an orc sorcerer for 5 turns
 19773 | Orc:1    | Reached skill level 1 in Axes
 20068 | Orc:2    | Reached skill level 1 in Crossbows
 20070 | Orc:2    | Noticed Donald
 20108 | Orc:1    | Killed Donald
 20477 | Orc:1    | Reached skill level 10 in Dodging
 20884 | Orc:2    | Paralysed by an ogre mage for 7 turns
 21037 | Orc:2    | Reached skill level 10 in Armour
 21177 | Orc:2    | Found a staircase to the Elven Halls.
 21227 | Orc:2    | Found Noherghes's Distillery.
 21232 | Orc:2    | Found Posinlil's General Store.
 21232 | Orc:2    | Found Meng's Gadget Boutique.
 21232 | Orc:2    | Found Relarifu's Armour Shoppe.
 21241 | Orc:2    | Bought a scroll of identify for 28 gold pieces
 21241 | Orc:2    | Bought a potion of heal wounds for 70 gold pieces
 21241 | Orc:2    | Bought a potion of heal wounds for 70 gold pieces
 21245 | Orc:2    | Bought a potion of curing for 39 gold pieces
 21245 | Orc:2    | Bought a potion of heal wounds for 65 gold pieces
 21245 | Orc:2    | Bought a potion of berserk rage for 65 gold pieces
 21245 | Orc:2    | Bought a potion of berserk rage for 65 gold pieces
 21245 | Orc:2    | Bought a potion of berserk rage for 65 gold pieces
 21729 | Orc:2    | Bought a potion of might for 52 gold pieces
 21729 | Orc:2    | Bought a potion of ambrosia for 104 gold pieces
 21730 | Orc:2    | Bought a potion of might for 56 gold pieces
 21730 | Orc:2    | Bought a potion of haste for 140 gold pieces
 21731 | Orc:2    | Bought a wand of acid (13) for 544 gold pieces
 21854 | D:5      | Bought a potion of curing for 36 gold pieces
 21854 | D:5      | Bought a potion of lignification for 36 gold pieces
 21854 | D:5      | Bought a potion of ambrosia for 96 gold pieces
 21854 | D:5      | Bought a potion of lignification for 36 gold pieces
 21854 | D:5      | Bought a potion of curing for 36 gold pieces
 21854 | D:5      | Bought a potion of mutation for 96 gold pieces
 21854 | D:5      | Bought a potion of haste for 120 gold pieces
 21854 | D:5      | Bought a potion of might for 48 gold pieces
 21854 | D:5      | Bought a potion of mutation for 96 gold pieces
 22537 | D:11     | Reached XP level 15. HP: 97/119 MP: 19/24
 22984 | D:12     | Noticed Urug
 23003 | D:12     | Killed Urug
 23059 | D:12     | Reached skill level 5 in Axes
 23492 | D:12     | Found a portal to a secret trove of treasure.
 24153 | D:13     | Reached skill level 10 in Shields
 24159 | D:13     | Noticed Snorg
 24172 | D:13     | Killed Snorg
 24313 | D:13     | Identified the cursed +0 ring mail of Doschiume {rElec
                  | Stlth+}
 24880 | D:14     | Found a frozen archway.
 24904 | IceCv    | Entered an ice cave
 26675 | D:14     | Paralysed by an ogre mage for 3 turns
 26752 | D:14     | Found a gate to the Vaults.
 27065 | D:15     | Entered Level 15 of the Dungeon
 28071 | D:15     | Reached skill level 5 in Crossbows
 28231 | D:15     | Reached XP level 16. HP: 106/127 MP: 25/25
 28236 | D:15     | Gained mutation: You are dopey. (Int -2) [a neqoxec]
 28361 | D:15     | Found a staircase to the Depths.
 28576 | Swamp:1  | Entered Level 1 of the Swamp
 30110 | Swamp:2  | Noticed Louise
 30429 | Swamp:2  | Cast into level 2 of the Abyss (Louise)
 30522 | Abyss:2  | Noticed a tentacled starspawn
 30542 | Abyss:2  | Killed a tentacled starspawn
 30900 | Abyss:2  | Noticed a tentacled starspawn
 30922 | Abyss:2  | Noticed a tentacled starspawn
 31243 | Abyss:2  | Noticed a tentacled starspawn
 31264 | Abyss:2  | Killed a tentacled starspawn
 31268 | Swamp:2  | Escaped the Abyss
 31390 | Swamp:2  | Killed Louise
 32892 | Swamp:3  | Noticed a thorn hunter
 32904 | Swamp:3  | Noticed a thorn hunter
 33262 | Swamp:3  | Noticed Mara
 33269 | Swamp:3  | Noticed flotson's illusion
 33276 | Swamp:3  | Noticed flotson's illusion
 33307 | Swamp:3  | Killed Mara
 34142 | Swamp:4  | Entered Level 4 of the Swamp
 34215 | Swamp:4  | Found an ornate altar of the Wu Jian Council.
 34216 | Swamp:4  | Noticed a thorn hunter
 34498 | Swamp:3  | Upgraded the game from 0.26-a0-663-g36e8fdb655 to
                  | 0.27-a0-972-gd1521fd518
 34498 | Swamp:3  | Quit the game

Illustrated notes

Levels and vault maps discovered:
D:1:      wander_arrival_peaceful_grave, layout_rooms
D:2:      layout_loops_ring, chequers_ecumenical_altar_grove, hex_tiny
D:3:      layout_basic
D:4:      layout_rooms, minmay_temple_entry_overgrown
D:5:      minmay_goblin_kobold_castle, layout_loops_ring,
          overflow_temple_1_default, basic_altar, serial_shops,
          kennysheep_mini_moat
D:6:      layout_basic, serial_shops, kennysheep_mini
D:7:      layout_rooms, chequers_serial_rivers_micro_e, grunt_gozag_statues,
          uniq_menkaure
D:8:      layout_basic, serial_shops, nicolae_shop_stone
D:9:      layout_layer_cave, david_orc_4, kennysheep_boxes
D:10:     minmay_the_grid_triangle_9x9_recursive_2_mashed
          [minmay_the_grid_triangle_9x9_prize_insulated,
          minmay_the_grid_triangle_9x9_corrupted_corridor,
          minmay_the_grid_triangle_9x9_pentomino_pain,
          minmay_the_grid_triangle_9x9_longest], layout_loops_cross,
          lair_entry_dummy, uniq_maurice
D:11:     layout_grid_maze, serial_park_tiny_1
D:12:     layout_rooms, nicolae_trove_entry_path_of_doom, eino_jars, uniq_urug
D:13:     layout_small_grid, uniq_snorg
D:14:     layout_roguey, hangedman_vaults_entry_quadrant_bands,
          portal_ice_cave_demonic_guard, palyth_stone_intersect,
          interstate_on_off
D:15:     grunt_enter_depths_magical_seal, layout_rooms, grunt_tough_drop
Temple:   compressed_dpeg_triangle_lava_temple
Lair:1:   layout_regular_city
Lair:2:   layout_small_grid, lemuel_fruit_tree, serial_bayou_shore_b
Lair:3:   layout_gridlike, swamp_mist_pool, basic_altar, uniq_nergalle
Lair:4:   layout_concentric_octagons, minmay_snake_entry_six_corridors
Lair:5:   layout_loops_ring, slime_altar_2, hellmonk_ghost_happy_afterlife,
          chequers_serial_rivers_room_b
Lair:6:   hangedman_lair_in_review, layout_loops_ring, kb_xom_exploding_sheep
Swamp:1:  layout_basic_swamp, nicolae_swamp_feature_on_the_river_bank,
          swamp_pool1
Swamp:2:  layout_basic_swamp, evilmike_swamp_ruin_rubble_2, swamp_pool1,
          uniq_louise
Swamp:3:  layout_basic_swamp, nicolae_swamp_dense_foliage, swamp_pool1,
          uniq_mara
Swamp:4:  swamp_vile, layout_basic_swamp, lemuel_altar_in_water
Orc:1:    layout_caves, enter_bailey_2
Orc:2:    st_orc_ogre_mass, layout_caves, uniq_donald

Skill      XL: |  1  2  3  4  5  6  7  8  9 10 11 12 13 14 15 16 |
---------------+-------------------------------------------------+-----
Polearms       | 2 3 4 5 6 7 8 9 |  9.8
Dodging        | 2 3 4 5 6 7 8 9 10 11 | 11.6
Throwing       | 1 |  1.0
Armour         | 1 2 3 4 5 6 7 8 9 10 11 | 11.6
Fighting       | 4 5 6 7 8 9 10 11 12 | 12.8
Invocations    | 2 3 5 6 8 9 11 12 | 12.0
Shields        | 1 2 3 4 5 6 7 8 9 10 11 | 11.2
Evocations     | 2 4 5 6 |  6.0
Axes           | 4 7 9 |  9.7
Crossbows      | 3 5 6 |  6.0
Stealth        | |  4.5

Action                   |  1- 3 |  4- 6 |  7- 9 | 10-12 | 13-15 | 16-18 || total
-------------------------+-------+-------+-------+-------+-------+-------++-------
Melee: Spear             |    20 |    85 |   408 |   880 |   799 |   815 ||  3007
       Broad axe         |       |       |       |       |   772 |    31 ||   803
 Fire: Hunting sling     |     9 |   120 |       |       |       |       ||   129
       Hand crossbow     |       |       |    17 |       |    43 |    35 ||    95
Throw: Dart              |       |       |       |     4 |       |       ||     4
       Javelin           |       |       |       |       |     4 |       ||     4
Invok: Grow Ballistomyce |       |       |     1 |     1 |       |     2 ||     4
       Wall of Briars    |       |       |       |     3 |     3 |     6 ||    12
       Grow Oklob        |       |       |       |       |     4 |     4 ||     8
Evoke: Wand              |       |       |       |       |     3 |       ||     3
  Use: Scroll            |       |       |    13 |     5 |    28 |     6 ||    52
       Potion            |       |       |       |       |     3 |     1 ||     4
 Stab: Sleeping          |       |     2 |       |       |       |       ||     2
       Confused          |       |       |     1 |       |       |       ||     1
       Distracted        |       |       |       |       |     2 |     3 ||     5
Armor: Leather armour    |     4 |     3 |       |       |       |       ||     7
       Ring mail         |       |    37 |    52 |       |       |       ||    89
       Plate armour      |       |       |    81 |   429 |   493 |   219 ||  1222
Dodge: Dodged            |    11 |    47 |   105 |   235 |   554 |   218 ||  1170
Block: Other             |     1 |     1 |       |       |       |       ||     2
       Buckler           |       |    32 |   149 |       |       |       ||   181
       Kite shield       |       |       |    94 |   614 |  1584 |   648 ||  2940
       Reflection        |       |       |       |       |    37 |    16 ||    53

Table legend: (Time is in decaauts)
 A = Elapsed time spent in this place.
 B = Non-inter-level travel time spent in this place.
 C = Inter-level travel time spent in this place.
 D = Time resting spent in this place.
 E = Time spent auto-exploring this place.
 F = Levels seen in this place.
 G = Mean time per level.
                   A        B        C        D        E       F      G
               +--------+--------+--------+--------+--------+-----+--------+
         Total |  34328 |  32482 |   1846 |   3360 |  22761 |  31 | 1107.4 |
       Dungeon |  16374 |  15115 |   1259 |    712 |  11546 |  15 | 1091.6 |
        Temple |    122 |    109 |     13 |     58 |     21 |   1 |  122.0 |
          Lair |   8244 |   7915 |    329 |    404 |   6031 |   6 | 1374.0 |
         Swamp |   5012 |   4865 |    147 |    575 |   3559 |   4 | 1253.0 |
  Orcish Mines |   2739 |   2643 |     96 |   1202 |    844 |   2 | 1369.5 |
         Abyss |    784 |    784 |      0 |    407 |    128 |   1 |  784.0 |
        Bailey |    176 |    176 |      0 |      0 |     76 |   1 |  176.0 |
      Ice Cave |    872 |    872 |      0 |      0 |    554 |   1 |  872.0 |
               +--------+--------+--------+--------+--------+-----+--------+

Top non-repeatable levels by time:
  Lair:6: 2391 daAuts
 Swamp:2: 1961 daAuts
    D:14: 1935 daAuts
     D:9: 1895 daAuts
     D:5: 1816 daAuts
   Orc:1: 1794 daAuts
    D:10: 1457 daAuts
 Swamp:1: 1436 daAuts
  Lair:2: 1402 daAuts
 Swamp:3: 1332 daAuts
  Lair:5: 1300 daAuts
  Lair:4: 1254 daAuts
    D:13: 1183 daAuts
     D:7: 1033 daAuts
    D:11: 991 daAuts
